 Dungeon Crawl Stone Soup version 0.25-a0-346-g140ab784a8 (webtiles) character file.

Game seed: 8439139250447126906, levelgen mode: deterministic

86 Conn the Magician (level 4, 0/27 HPs)
             Began as an Octopode Wizard on Dec 31, 2019.
             Succumbed to a gnoll's poison
             ... on level 1 of the Dungeon.
             The game lasted 00:06:13 (2231 turns).

Conn the Magician (Octopode Wizard)                 Turns: 2231, Time: 00:06:14

Health: 0/27       AC:  1    Str:  3 (6)  XL:     4   Next: 49%
Magic:  2/9        EV: 13    Int: 19 (21) God:
Gold:   55         SH:  0    Dex:  7 (10) Spells: 2/10 levels left

rFire    . . .     SeeInvis .   i - +3 dagger
rCold    . . .     Gourm    .   (no shield)
rNeg     . . .     Faith    .   a - +0 hat
rPois    .         Spirit   .   (no amulet)
rElec    .         Reflect  .   (no ring)
rCorr    .         Harm     .   (no ring)
MR       .....                  (no ring)
Stlth    +++.......             (no ring)
HPRegen  0.09/turn              (no ring)
MPRegen  0.11/turn              (no ring)
                                (no ring)
                                (no ring)

@: lethally poisoned (0 -> -8), flying
A: almost no armour, stealthy swim, amphibious, 8 rings, constrict 8, camouflage
1, gelatinous body 1
a: no special abilities


You were on level 1 of the Dungeon.
You were very hungry.

You visited 1 branch of the dungeon, and saw 2 of its levels.

You collected 55 gold pieces.

Inventory:

Hand Weapons
 f - a +0 dagger
 i - a +3 dagger (weapon)
 j - a +1 dagger of holy wrath
Missiles
 h - 8 boomerangs (quivered)
 k - 5 poisoned darts
Armour
 a - a +0 hat (worn)
Scrolls
 b - a scroll of amnesia {unknown}
 e - 3 scrolls of teleportation {unknown}
 g - 3 scrolls of identify {unknown}
 l - a scroll of enchant armour {unknown}
 m - a scroll of remove curse {unknown}
 n - a scroll of blinking {unknown}
Comestibles
 c - 3 rations


   Skills:
 + Level 0.2 Throwing
 + Level 2.5 Dodging
 + Level 3.4 Stealth
 * Level 3.9 Spellcasting
 * Level 2.0 Conjurations
 + Level 1.0 Summonings
 + Level 1.0 Translocations


You had 2 spell levels left.
You knew the following spells:

 Your Spells              Type           Power        Failure   Level  Hunger
a - Magic Dart            Conj           ##..         6%          1    None
b - Blink                 Tloc           N/A          14%         2    ##.....
c - Call Imp              Summ           #.......     14%         2    ##.....
d - Conjure Flame         Conj/Fire      #.......     26%         3    ###....

Your spell library contained the following spells:

 Spells                   Type           Power        Failure   Level  Hunger
 Apportation              Tloc           #.....       9%          1    None
 Summon Small Mammal      Summ           #...         9%          1    None
 Animate Skeleton         Necr           N/A          14%         1    None
 Confusing Touch          Hex            #.....       14%         1    None
 Slow                     Hex            #.......     22%         2    ##.....
 Mephitic Cloud           Conj/Pois/Air  #.......     30%         3    ###....


Dungeon Overview and Level Annotations

Branches:
Dungeon (2/15)

Altars:
Gozag


Innate Abilities, Weirdness & Mutations

You cannot wear most types of armour.
You are very stealthy in the water. (Stealth+)
You are amphibious.
You can wear up to eight rings at the same time.
You can use your tentacles to constrict eight enemies at once.
Your skin changes colour to match your surroundings (Stealth+).
Your rubbery body absorbs attacks. (AC +1, EV +1)


Message History

You see here 5 poisoned darts.
* * * LOW HITPOINT WARNING * * *
You feel sick.
* * * LOW HITPOINT WARNING * * *
You feel sick.
* * * LOW HITPOINT WARNING * * *
You feel sick.
You see here a poisoned dart.
It was a potion of flight.
You feel very buoyant.
You fly up into the air.
* * * LOW HITPOINT WARNING * * *
You feel sick.
* * * LOW HITPOINT WARNING * * *
You feel sick.
* * * LOW HITPOINT WARNING * * *
You feel sick.
There is a stone staircase leading down here.
You see here 5 poisoned darts.
You die...

###......###.(.....#
......##...#..#.####
##..............##
##.....###.......####
#..#................#
#.####.##...........##########
.....#.......................#
#.##........##............[###
..#..###.#......@.......####
#................>......####
..............##...........###
...#############........#....#
.....##..(..........(.#...#..#
...#.#######.#######......####
..##.#.......#....)#.#....#
..#..#.#####.#.###.#.##...#
..#..#.....#.#.#.#.#.##...#


There were no monsters in sight!

Vanquished Creatures
  Robin (D:2)
  2 gnolls (D:1)
  3 dart slugs (D:1)
  2 leopard geckos
  2 bats (D:2)
  A giant cockroach (D:1)
  10 goblins
  5 hobgoblins
  2 jackals (D:1)
  8 kobolds
  A ball python (D:1)
  5 frilled lizards
  4 rats
46 creatures vanquished.

Vanquished Creatures (collateral kills)
  A goblin (D:2)
  A hobgoblin (D:2)
2 creatures vanquished.

Grand Total: 48 creatures vanquished

Notes
Turn   | Place    | Note
-------+----------+-------------------------------------------
     0 | D:1      | Conn the Octopode Wizard began the quest for the Orb.
     0 | D:1      | Reached XP level 1. HP: 11/11 MP: 4/4
   169 | D:1      | Reached XP level 2. HP: 17/17 MP: 0/6
   359 | D:1      | Reached XP level 3. HP: 8/21 MP: 0/8
   911 | D:2      | Learned a level 2 spell: Blink
   914 | D:2      | Learned a level 2 spell: Call Imp
   918 | D:2      | Learned a level 3 spell: Conjure Flame
   994 | D:2      | Found an opulent altar of Gozag.
  1074 | D:2      | Noticed Robin
  1083 | D:2      | Killed Robin
  1083 | D:2      | Reached XP level 4. HP: 10/27 MP: 0/9
  2230 | D:1      | HP: 1/27 [poisoned by a gnoll]
  2231 | D:1      | Succumbed to a gnoll's poison

Levels and vault maps discovered:
D:1:      matt_arrival_spirals, layout_rooms
D:2:      layout_loops_ring, grunt_gozag_statues,
          chequers_serial_rivers_micro_c, roderic_roman_lattice,
          uniq_crazy_yiuf_cottage, uniq_robin

Skill      XL: |  1  2  3  4 |
---------------+-------------+-----
Stealth        | 3 |  3.4
Conjurations   | 2 |  2.0
Throwing       | |  0.2
Dodging        | |  2.5
Spellcasting   | |  3.9
Summonings     | |  1.0
Translocations | |  1.0

Action                   |  1- 3 |  4- 6 || total
-------------------------+-------+-------++-------
Melee: Constrict         |    17 |     1 ||    18
       Unarmed           |     7 |       ||     7
       Tentacles         |    10 |       ||    10
       Dagger            |    30 |     5 ||    35
Throw: Boomerang         |     3 |     4 ||     7
 Cast: Magic Dart        |    42 |    38 ||    80
       Conjure Flame     |     1 |     1 ||     2
       Call Imp          |     1 |       ||     1
  Use: Potion            |     2 |     1 ||     3
 Stab: Sleeping          |     5 |     2 ||     7
  Eat: Chunk             |     1 |     2 ||     3
Armor: Skin              |     3 |       ||     3
Dodge: Dodged            |    24 |    22 ||    46

Table legend:
 A = Non-vault XP
 B = Vault XP
 C = Vault XP percentage of total XP
 D = Non-vault monster count
 E = Vault monster count
 F = Vault count percentage of total count
                 A         B        C        D         E       F
            +---------+---------+-------+---------+---------+-------
      Total |      92 |      31 |  25.2 |      38 |      10 |  20.8
            +---------+---------+-------+---------+---------+-------
        D:1 |      81 |       2 |   2.4 |      31 |       1 |   3.1
        D:2 |      11 |      29 |  72.5 |       7 |       9 |  56.2
            +---------+---------+-------+---------+---------+-------
